 Dungeon Crawl Stone Soup version 0.17.0-19-gb37c632 (console) character file.

116 Kloppie the Charmwright (level 4, -1/30 HPs)
             Began as a High Elf Skald on Nov 12, 2015.
             Slain by a gnoll
             ... wielding a +0 spear
              (5 damage)
             ... on level 3 of the Dungeon.
             The game lasted 00:05:47 (2815 turns).

Kloppie the Charmwright (High Elf Skald)            Turns: 2815, Time: 00:05:47

Health: -1/30      AC:  7    Str: 11    XL:     4   Next: 69%
Magic:  3/8        EV: 10    Int: 16    God:
Gold:   111        SH:  0    Dex: 15    Spells: 2 memorised, 4 levels left

rFire  . . .     SeeInvis .     a - +0 falchion
rCold  . . .     Clarity  .     f - +0 ring mail
rNeg   . . .     SustAt   .     (no shield)
rPois  .         Gourm    .     o - +0 helmet
rElec  .         Spirit   .     (no cloak)
rCorr  .         Warding  .     (no gloves)
rMut   .         Stasis   .     p - +0 pair of boots
MR     .....                    (no amulet)
Stlth  +.........               (no ring)
                                (no ring)

@: infused, not resistant to hostile enchantments, very unstealthy
A: no striking features
a: no special abilities


You were on level 3 of the Dungeon.
You were not hungry.

You visited 1 branch of the dungeon, and saw 3 of its levels.

You collected 111 gold pieces.

Inventory:

Hand Weapons
 a - a +0 falchion (weapon)
Missiles
 g - 27 poisoned needles
Armour
 f - a +0 ring mail (worn)
 h - a +0 pair of boots
 o - a +0 helmet (worn)
 p - a +0 pair of boots (worn)
Scrolls
 b - a scroll of recharging {unknown}
 e - 2 scrolls of remove curse {unknown}
 j - 3 scrolls of identify {unknown}
 m - 2 scrolls of magic mapping {unknown}
 n - a scroll of enchant weapon {unknown}
 r - a scroll of fear {unknown}
 s - a scroll of immolation {unknown}
Potions
 k - a potion of heal wounds {unknown}
 l - a potion of curing {unknown}
Books
 c - a book of Battle

   Spells                             Type                      Level
   a - Infusion                       Charms                       1
   b - Shroud of Golubria             Charms/Translocation         2
   c - Song of Slaying                Charms                       2
   d - Spectral Weapon                Hexes/Charms                 3
   e - Regeneration                   Charms/Necromancy            3
Comestibles
 d - 2 bread rations
 i - 2 slices of pizza
 q - a meat ration
 t - 3 chunks of flesh


   Skills:
 - Level 2.3 Fighting
 + Level 4.1 Long Blades
 - Level 0.8 Armour
 - Level 1.1 Dodging
 - Level 2.4 Spellcasting
 + Level 4.7 Charms
 + Level 2.1 Translocations


You had 4 spell levels left.
You knew the following spells:

 Your Spells              Type           Power        Failure   Level  Hunger
a - Infusion              Chrm           ###...       10%         1    #......
b - Shroud of Golubria    Chrm/Tloc      ##........   17%         2    ###....


Dungeon Overview and Level Annotations

Branches:
Dungeon (3/15)

Altars:
Sif Muna


Message History

You barely miss the gnoll.
The gnoll is lightly wounded.
Something bites the plant but does no damage.
The gnoll completely misses you.
The river rat bites you but does no damage.
You hit the gnoll.
The gnoll is moderately wounded.
Something bites the plant.
The gnoll hits you with a spear.
* * * LOW HITPOINT WARNING * * *
The river rat bites you but does no damage.
Something bites the plant.
You hit the gnoll.
The gnoll is moderately wounded.
The gnoll hits you but does no damage. The river rat bites you.
* * * LOW HITPOINT WARNING * * *
Something bites the plant.
You hit the gnoll.
The gnoll is heavily wounded.
The gnoll hits you with a spear.
You die...

.#.......♣♣.♣♣.)...## .
.###..#..P..P..♣♣P.P#..
##. .♣♣PP.♣.♣♣♣.P... .#
#. .♣♣.P..P.♣♣P..... .#
#. PP♣♣♣♣..P♣.♣♣♣...
.... ..P♣♣.....♣♣... .
.### ♣P....♣♣.PP.♣♣....
.# ..P....P♣..PP..... #
♣♣♣..♣..@P♣♣rP....
♣♣...rg.♣ ♣####
♣P.)$.#.§P♣
♣P♣......P.. #
...♣#..§#.♣.. #.# ♣..
......♣..# #... ♣
♣.!_(.PP .# ..#
......P. . ###


You could see a gnoll and a river rat.

Vanquished Creatures
  Robin (D:1)
  3 adders (D:2)
  A gnoll (D:3)
  A worm (D:2)
  2 giant geckos (D:1)
  9 goblins
  14 hobgoblins
  3 jackals (D:2)
  7 bats
  3 giant cockroaches
  2 giant newts
  10 kobolds
  2 rats
58 creatures vanquished.

Notes
Turn   | Place    | Note
--------------------------------------------------------------
     0 | D:1      | Kloppie the High Elf Skald began the quest for the Orb.
     0 | D:1      | Reached XP level 1. HP: 14/14 MP: 4/4
   520 | D:1      | Reached XP level 2. HP: 14/19 MP: 6/6
   624 | D:1      | Reached skill level 4 in Charms
   878 | D:1      | Learned a level 2 spell: Shroud of Golubria
  1088 | D:1      | You fall through a shaft!
  1345 | D:2      | Reached XP level 3. HP: 22/25 MP: 7/7
  1722 | D:2      | Reached skill level 1 in Translocations
  1855 | D:2      | Reached XP level 4. HP: 13/30 MP: 3/8
  2085 | D:2      | Noticed Robin
  2141 | D:1      | Killed Robin
  2798 | D:3      | Found a deep blue altar of Sif Muna.
  2815 | D:3      | Slain by a gnoll

Action                   |  1- 3 |  4- 6 || total
-------------------------+-------+-------++-------
Melee: Falchion          |   147 |    78 ||   225
 Cast: Infusion          |     6 |     3 ||     9
  Eat: Chunk             |     3 |     3 ||     6
